Lightning vs Blue Jackets
Created - March 21, 2021 at 21:48
Goals
|
| Lightning |
0 |
2 |
1 |
0 |
1 |
4 |
| Blue Jackets |
2 |
1 |
0 |
0 |
0 |
3 |
|
Shots
|
| Lightning |
10 |
9 |
9 |
4 |
3 |
32 |
| Blue Jackets |
10 |
10 |
13 |
1 |
3 |
34 |
|
1st period
1. Blue Jackets , Tyler Seguin 26 (Rob Scuderi 10, Devin Setoguchi 35) at 2:19 (PP)
2. Blue Jackets , Cody Hodgson 9 (Max Pacioretty 29) at 5:17
Penalties :
Alex Killorn (TB.) for Roughing (Minor) at 1:22
2nd period
3. Lightning , Jesper Fast 10 (Brian Flynn 8, Shayne Gostisbehere 15) at 3:06
4. Blue Jackets , Tyler Seguin 27 (Rob Scuderi 11) at 3:10
5. Lightning , Sam Gagner 16 (Alexander Wennberg 11, Brent Seabrook 15) at 16:59
Penalties :
Mike Lundin (Clb) for Holding (Minor) at 0:26, Devin Setoguchi (Clb) for Cross-checking (Minor) at 7:32, Brent Seabrook (TB.) for Hooking (Minor) at 9:17, Mark Scheifele (TB.) for Hooking (Minor) at 13:10
3rd period
6. Lightning , Shayne Gostisbehere 9 (Alexander Wennberg 12) at 18:35
Penalties :
Brian Flynn (TB.) for Roughing (Minor) at 12:10
Overtime #1
No Goal
Penalties :
No Penalty
Shootout
Lightning , Mark Scheifele - Stopped by Andrei Vasilevskiy
Blue Jackets, Tyler Seguin - Stopped by Philipp Grubauer
Lightning , Bobby Ryan - Goal!
Blue Jackets, Artemi Panarin - Shot Misses the Net
Lightning , Kyle Clifford - Stopped by Andrei Vasilevskiy
Blue Jackets, Max Pacioretty - Shot Misses the Net
Penalties :
No Penalty
Goalie Stats
Philipp Grubauer (TB.), 31 saves from 34 shots - (0.912), W, 31-19-4, 65:00 minutes
Andrei Vasilevskiy (Clb), 29 saves from 32 shots - (0.906), OTL, 10-5-2, 65:00 minutes
Players Stats for Lightning
Player Name G A P +/- PIM S H SB GA TA FO MP PP MP PK MP
------------------------------------------------------------------------------------
Alex Killorn 0 0 0 1 2 0 1 0 1 0 0/0 6:49 0:00 0:00
Alexander Wennberg 0 2 2 2 0 4 0 0 1 1 8/13 17:44 1:48 0:00
Ben Lovejoy 0 0 0 1 0 0 1 0 0 3 0/0 14:19 0:00 2:14
Bobby Ryan 0 0 0 2 0 2 2 0 0 0 0/1 21:13 1:48 2:39
Brent Seabrook 0 1 1 -1 2 1 2 1 2 1 0/0 27:52 2:20 2:53
Brian Flynn 0 1 1 1 2 0 1 0 0 0 1/3 6:51 0:00 0:00
Clarke MacArthur 0 0 0 0 0 2 0 0 1 0 0/1 13:38 0:00 2:09
Jesper Fast 1 0 1 1 0 1 0 1 0 0 2/2 8:08 0:00 0:00
Jon Merrill 0 0 0 1 0 1 2 1 0 3 0/0 23:04 0:00 2:46
Joni Pitkanen 0 0 0 1 0 0 1 0 0 1 0/0 13:56 1:23 0:40
Justin Schultz 0 0 0 -1 0 2 0 1 1 3 0/0 27:53 2:21 3:54
Kyle Clifford 0 0 0 -2 0 2 2 2 1 1 0/0 24:34 1:56 3:35
Mark Scheifele 0 0 0 -2 2 6 2 1 1 0 17/39 23:41 1:56 2:13
Rickard Rakell 0 0 0 -2 0 3 1 0 0 0 0/0 18:06 1:56 0:00
Sam Gagner 1 0 1 2 0 4 1 0 1 0 1/1 17:17 1:48 0:00
Sergei Shirokov 0 0 0 0 0 2 0 0 0 1 0/0 11:02 0:00 0:00
Shayne Gostisbehere 1 1 2 1 0 2 3 0 1 1 0/0 23:09 1:23 0:53
Stephen Weiss 0 0 0 0 0 0 0 1 0 0 4/10 13:46 0:00 2:44
Players Stats for Blue Jackets
Player Name G A P +/- PIM S H SB GA TA FO MP PP MP PK MP
------------------------------------------------------------------------------------
Andreas Nodl 0 0 0 0 0 2 0 0 0 0 0/0 9:09 0:00 0:00
Artemi Panarin 0 0 0 1 0 3 3 0 3 1 0/4 24:47 3:48 2:20
Brandon Bollig 0 0 0 0 0 1 0 0 0 0 0/0 9:09 0:00 0:00
Branislav Mezei 0 0 0 -2 0 1 0 1 1 0 0/0 22:23 3:06 1:38
Christian Hanson 0 0 0 0 0 2 0 1 0 0 3/7 9:09 0:00 0:00
Cody Hodgson 1 0 1 -2 0 5 3 0 1 0 6/9 18:07 2:48 1:00
Dalton Prout 0 0 0 -2 0 2 2 1 0 1 0/0 22:23 3:06 1:38
Devin Setoguchi 0 1 1 1 2 1 1 0 1 0 0/1 20:11 3:52 0:00
Eric Wellwood 0 0 0 0 0 2 0 0 2 0 0/0 11:28 0:04 0:24
Martin Havlat 0 0 0 -2 0 1 3 0 1 1 0/0 16:06 2:48 0:00
Max Pacioretty 0 1 1 -2 0 2 1 1 0 0 0/1 18:07 2:48 1:00
Mike Lundin 0 0 0 1 2 1 5 1 1 0 0/0 30:30 3:34 0:54
Pavel Datsyuk 0 0 0 0 0 2 1 0 1 0 6/12 12:41 0:04 0:00
Rob Scuderi 0 2 2 1 0 1 0 0 3 4 0/0 31:05 3:30 2:06
Ryan Wilson 0 0 0 0 0 2 2 1 0 0 0/0 11:32 0:04 0:00
Timothy Kunes 0 0 0 0 0 1 0 3 0 2 0/0 12:12 0:00 1:12
Tyler Kennedy 0 0 0 0 0 2 0 0 1 0 0/0 12:15 0:00 0:24
Tyler Seguin 2 0 2 1 0 3 0 1 0 1 22/36 24:46 3:48 2:20
3 Stars
1 - Shayne Gostisbehere (TB.)
2 - Tyler Seguin (Clb)
3 - Sam Gagner (TB.)
Power Play
Lightning - 0 on 2 Attempt(s) - 0.00%
Blue Jackets - 1 on 4 Attempt(s) - 25.00%
Penalty Kill
Lightning - 3 on 4 Attempt(s) - 75.00%
- Score 0 goal in Penalty Kill
Blue Jackets - 2 on 2 Attempt(s) - 100.00%
- Score 0 goal in Penalty Kill
Team Stat
Lightning - Hits : 19 - Faceoff Wins : 33 - Blocked Shots : 8 - Penalty Minutes : 8
Blue Jackets - Hits : 21 - Faceoff Wins : 37 - Blocked Shots : 10 - Penalty Minutes : 4
Official
Referees : Unknown
Linesman : Unknown
Game Notes
No Game Note
Finance
Level 1 -- Attendance: 4954 (82.57%) -- Ticket Income $569,710
Level 2 -- Attendance: 3487 (69.74%) -- Ticket Income $261,525
Level 3 -- Attendance: 1702 (85.10%) -- Ticket Income $76,590
Level 4 -- Attendance: 3021 (75.53%) -- Ticket Income $90,630
Luxury Box -- Attendance: 675 (67.50%) -- Ticket Income $145,125
Game was played at the Ohio State Arena.
Total Attendance: 13839 (76.88%)
Total Ticket Income: $1,143,580
Other Income: $171,537
Total Income: $1,315,117
Lightning
5 vs 5 Forward
Center Left Wing Right Wing Time % Phy DF OF
1 Mark Scheifele Kyle Clifford Rickard Rakell 40 0 2 3
2 Alexander Wennberg Sam Gagner Bobby Ryan 35 1 2 2
3 Stephen Weiss Clarke MacArthur Sergei Shirokov 20 0 1 3
4 Brian Flynn Alex Killorn Jesper Fast 5 1 2 2
5 vs 5 Defense
Defense Defense Time % Phy DF OF
1 Brent Seabrook Justin Schultz 40 1 2 2
2 Jon Merrill Shayne Gostisbehere 35 1 2 2
3 Joni Pitkanen Ben Lovejoy 20 1 2 2
4 Brent Seabrook Shayne Gostisbehere 5 1 2 2
PowerPlay Forward
Center Left Wing Right Wing Time % Phy DF OF
1 Mark Scheifele Kyle Clifford Rickard Rakell 60 1 0 4
2 Alexander Wennberg Sam Gagner Bobby Ryan 40 1 0 4
PowerPlay Defense
Defense Defense Time % Phy DF OF
1 Brent Seabrook Justin Schultz 60 1 1 3
2 Joni Pitkanen Shayne Gostisbehere 40 1 1 3
Penalty Kill 4 Players Forward
Center Wing Time % Phy DF OF
1 Mark Scheifele Kyle Clifford 60 1 2 2
2 Stephen Weiss Bobby Ryan 40 1 2 2
Penalty Kill 4 Players Defense
Defense Defense Time % Phy DF OF
1 Brent Seabrook Justin Schultz 60 1 2 2
2 Jon Merrill Ben Lovejoy 40 1 2 2
Penalty Kill - 3 Players Forward
Forward Time % Phy DF OF
1 Mark Scheifele 60 1 2 2
2 Stephen Weiss 40 1 2 2
Penalty Kill - 3 Players Defense
Defense Defense Time % Phy DF OF
1 Brent Seabrook Justin Schultz 60 1 2 2
2 Jon Merrill Joni Pitkanen 40 1 2 2
4 vs 4 Forward
Center Wing Time % Phy DF OF
1 Mark Scheifele Kyle Clifford 60 1 2 2
2 Alexander Wennberg Bobby Ryan 40 1 2 2
4 vs 4 Defense
Defense Defense Time % Phy DF OF
1 Brent Seabrook Justin Schultz 60 1 2 2
2 Jon Merrill Shayne Gostisbehere 40 1 2 2
Last Minutes Offensive
Center Left Wing Right Wing Defense Defense
Mark Scheifele Kyle Clifford Rickard Rakell Brent Seabrook Shayne Gostisbehere
Last Minutes Defensive
Center Left Wing Right Wing Defense Defense
Mark Scheifele Kyle Clifford Bobby Ryan Brent Seabrook Jon Merrill
Goaltenders
Starting : Philipp Grubauer
Backup : Jhonas Enroth
Extra Forwards
Normal : Bobby Ryan, Jesper Fast, Sam Gagner - PP : Stephen Weiss, Bobby Ryan - PK : Bobby Ryan
Extra Defensemen
Normal : Jon Merrill, Joni Pitkanen, Justin Schultz - PP : Justin Schultz - PK : Joni Pitkanen, Brent Seabrook
Penalty Shots
Mark Scheifele, Bobby Ryan, Kyle Clifford, Rickard Rakell, Alexander Wennberg
Scratches
Jordin Tootoo (Healthy), Kevin Marshall (Healthy)
Blue Jackets
5 vs 5 Forward
Center Left Wing Right Wing Time % Phy DF OF
1 Tyler Seguin Artemi Panarin Devin Setoguchi 40 1 2 2
2 Cody Hodgson Max Pacioretty Martin Havlat 30 1 2 2
3 Pavel Datsyuk Eric Wellwood Tyler Kennedy 20 1 2 2
4 Christian Hanson Brandon Bollig Andreas Nodl 10 1 2 2
5 vs 5 Defense
Defense Defense Time % Phy DF OF
1 Mike Lundin Rob Scuderi 40 1 2 2
2 Dalton Prout Branislav Mezei 30 1 2 2
3 Ryan Wilson Timothy Kunes 20 1 2 2
4 Mike Lundin Rob Scuderi 10 1 2 2
PowerPlay Forward
Center Left Wing Right Wing Time % Phy DF OF
1 Tyler Seguin Artemi Panarin Devin Setoguchi 60 1 2 2
2 Cody Hodgson Max Pacioretty Martin Havlat 40 1 2 2
PowerPlay Defense
Defense Defense Time % Phy DF OF
1 Mike Lundin Rob Scuderi 60 1 2 2
2 Dalton Prout Branislav Mezei 40 1 2 2
Penalty Kill 4 Players Forward
Center Wing Time % Phy DF OF
1 Tyler Seguin Artemi Panarin 60 1 2 2
2 Max Pacioretty Cody Hodgson 40 1 2 2
Penalty Kill 4 Players Defense
Defense Defense Time % Phy DF OF
1 Mike Lundin Rob Scuderi 60 1 2 2
2 Dalton Prout Branislav Mezei 40 1 2 2
Penalty Kill - 3 Players Forward
Forward Time % Phy DF OF
1 Tyler Seguin 60 1 2 2
2 Artemi Panarin 40 1 2 2
Penalty Kill - 3 Players Defense
Defense Defense Time % Phy DF OF
1 Mike Lundin Rob Scuderi 60 1 2 2
2 Dalton Prout Branislav Mezei 40 1 2 2
4 vs 4 Forward
Center Wing Time % Phy DF OF
1 Tyler Seguin Artemi Panarin 60 1 2 2
2 Max Pacioretty Cody Hodgson 40 1 2 2
4 vs 4 Defense
Defense Defense Time % Phy DF OF
1 Mike Lundin Rob Scuderi 60 1 2 2
2 Dalton Prout Branislav Mezei 40 1 2 2
Last Minutes Offensive
Center Left Wing Right Wing Defense Defense
Tyler Seguin Artemi Panarin Devin Setoguchi Mike Lundin Rob Scuderi
Last Minutes Defensive
Center Left Wing Right Wing Defense Defense
Tyler Seguin Artemi Panarin Devin Setoguchi Mike Lundin Rob Scuderi
Goaltenders
Starting : Andrei Vasilevskiy
Backup : Rick DiPietro
Extra Forwards
Normal : Tyler Seguin, Pavel Datsyuk, Tyler Kennedy - PP : Tyler Seguin, Pavel Datsyuk - PK : Tyler Kennedy
Extra Defensemen
Normal : Ryan Wilson, Timothy Kunes, Dalton Prout - PP : Ryan Wilson - PK : Timothy Kunes, Dalton Prout
Penalty Shots
Tyler Seguin, Artemi Panarin, Max Pacioretty, Cody Hodgson, Devin Setoguchi
Scratches
Anthony Stewart (Healthy), Dennis Wideman (Fractured Bone in Left Hand Injury), Cam Fowler (Healthy)
% Time on Ice - Lightning
Lines # - Real PCT - Wanted PCT - Time Play
Normal Forward
1 - 35% - 40% - 17:04
2 - 29% - 35% - 14:26
3 - 22% - 20% - 11:02
4 - 14% - 5% - 6:50
Normal Defense
1 - 38% - 40% - 18:59
2 - 36% - 35% - 17:45
3 - 24% - 20% - 11:51
4 - 2% - 5% - 0:47
PP Forward
1 - 52% - 60% - 1:56
2 - 48% - 40% - 1:48
PP Defense
1 - 63% - 60% - 2:21
2 - 37% - 40% - 1:23
PK Forward
1 - 87% - 60% - 5:47
2 - 13% - 40% - 0:53
PK Defense
1 - 59% - 60% - 3:54
2 - 42% - 40% - 2:46
PK3 Forward
1 - 0% - 60%
2 - 0% - 40%
PK3 Defense
1 - 0% - 60%
2 - 0% - 40%
44 Forward
1 - 71% - 60% - 3:44
2 - 29% - 40% - 1:30
44 Defense
1 - 51% - 60% - 2:39
2 - 49% - 40% - 2:35
Last Minute Offensive - 0:00
Last Minute Defensive - 0:00
Total
Forward - 65:00
Defense - 65:00
|
% Time on Ice - Blue Jackets
Lines # - Real PCT - Wanted PCT - Time Play
Normal Forward
1 - 33% - 40% - 16:29
2 - 27% - 30% - 13:15
3 - 21% - 20% - 10:29
4 - 19% - 10% - 9:09
Normal Defense
1 - 42% - 40% - 20:43
2 - 31% - 30% - 15:26
3 - 22% - 20% - 11:00
4 - 4% - 10% - 2:13
PP Forward
1 - 58% - 60% - 3:52
2 - 42% - 40% - 2:48
PP Defense
1 - 54% - 60% - 3:34
2 - 47% - 40% - 3:06
PK Forward
1 - 73% - 60% - 2:44
2 - 27% - 40% - 1:00
PK Defense
1 - 56% - 60% - 2:06
2 - 44% - 40% - 1:38
PK3 Forward
1 - 0% - 60%
2 - 0% - 40%
PK3 Defense
1 - 0% - 60%
2 - 0% - 40%
44 Forward
1 - 75% - 60% - 3:54
2 - 25% - 40% - 1:20
44 Defense
1 - 58% - 60% - 3:01
2 - 42% - 40% - 2:13
Last Minute Offensive - 0:00
Last Minute Defensive - 0:00
Total
Forward - 65:00
Defense - 65:00
|
Play-by-Play
1st period
0:01 of 1st period - Tyler Seguin wins face-off versus Mark Scheifele in neutral zone.
0:26 of 1st period - Justin Schultz is hit by Martin Havlat and loses puck.
1:07 of 1st period - Timothy Kunes is hit by Brian Flynn and loses puck.
1:22 of 1st period - Minor Penalty to Alex Killorn for Roughing.
1:23 of 1st period - Mark Scheifele wins face-off versus Tyler Seguin in Lightning zone.
2:01 of 1st period - Wrist shot by Cody Hodgson.
2:01 of 1st period - Stopped by Philipp Grubauer without a rebound.
2:02 of 1st period - Mark Scheifele wins face-off versus Artemi Panarin in Lightning zone.
2:15 of 1st period - Slapshot by Tyler Seguin.
2:15 of 1st period - Shot Misses the Net.
2:17 of 1st period - Slapshot by Rob Scuderi.
2:17 of 1st period - Shot Misses the Net.
2:19 of 1st period - Slapshot by Tyler Seguin.
2:19 of 1st period - Goal by Tyler Seguin - Lightning : 0 - Blue Jackets : 1.
2:20 of 1st period - Tyler Seguin wins face-off versus Mark Scheifele in neutral zone.
2:23 of 1st period - Snap shot by Devin Setoguchi.
2:23 of 1st period - Deflect By Artemi Panarin.
2:23 of 1st period - Shot Misses the Net.
2:23 of 1st period - Puck is out of play.
2:24 of 1st period - Mark Scheifele wins face-off versus Tyler Seguin in Lightning zone.
3:26 of 1st period - Wrist shot by Alexander Wennberg.
3:26 of 1st period - Shot Blocked by Max Pacioretty.
4:06 of 1st period - Andreas Nodl is hit by Joni Pitkanen and loses puck.
4:14 of 1st period - Icing by Brandon Bollig.
4:15 of 1st period - Alexander Wennberg wins face-off versus Christian Hanson in Blue Jackets zone.
4:18 of 1st period - Wrist shot by Alexander Wennberg.
4:18 of 1st period - Shot Blocked by Timothy Kunes.
4:48 of 1st period - Brent Seabrook is hit by Artemi Panarin and loses puck.
5:11 of 1st period - Icing by Rickard Rakell.
5:12 of 1st period - Cody Hodgson wins face-off versus Mark Scheifele in Lightning zone.
5:15 of 1st period - Wrist shot by Max Pacioretty.
5:15 of 1st period - Shot Blocked by Mark Scheifele.
5:17 of 1st period - Wrist shot by Cody Hodgson.
5:17 of 1st period - Goal by Cody Hodgson - Lightning : 0 - Blue Jackets : 2.
5:18 of 1st period - Alexander Wennberg wins face-off versus Cody Hodgson in neutral zone.
5:21 of 1st period - Wrist shot by Sam Gagner.
5:21 of 1st period - Shot Misses the Net.
5:27 of 1st period - Snap shot by Sam Gagner.
5:27 of 1st period - Stopped by Andrei Vasilevskiy without a rebound.
5:28 of 1st period - Sam Gagner wins face-off versus Cody Hodgson in Blue Jackets zone.
6:20 of 1st period - Off-side.
6:21 of 1st period - Mark Scheifele wins face-off versus Artemi Panarin in neutral zone.
6:32 of 1st period - Wrist shot by Kyle Clifford.
6:32 of 1st period - Shot Misses the Net.
6:34 of 1st period - Wrist shot by Mark Scheifele.
6:34 of 1st period - Stopped by Andrei Vasilevskiy without a rebound.
6:35 of 1st period - Tyler Seguin wins face-off versus Mark Scheifele in Blue Jackets zone.
7:14 of 1st period - Eric Wellwood is hit by Shayne Gostisbehere and loses puck.
7:26 of 1st period - Shayne Gostisbehere is hit by Mike Lundin and loses puck.
7:35 of 1st period - Wrist shot by Alexander Wennberg.
7:35 of 1st period - Stopped by Andrei Vasilevskiy without a rebound.
7:36 of 1st period - Tyler Seguin wins face-off versus Mark Scheifele in Blue Jackets zone.
7:50 of 1st period - Off-side.
7:51 of 1st period - Alexander Wennberg wins face-off versus Pavel Datsyuk in neutral zone.
7:58 of 1st period - Slapshot by Justin Schultz.
7:58 of 1st period - Shot Blocked by Mike Lundin.
9:04 of 1st period - Snap shot by Clarke MacArthur.
9:04 of 1st period - Shot Misses the Net.
9:07 of 1st period - Icing by Ryan Wilson.
9:08 of 1st period - Mark Scheifele wins face-off versus Christian Hanson in Blue Jackets zone.
9:09 of 1st period - Snap shot by Kyle Clifford.
9:09 of 1st period - Shot Misses the Net.
9:11 of 1st period - Wrist shot by Kyle Clifford.
9:11 of 1st period - Shot Misses the Net.
10:27 of 1st period - Martin Havlat is hit by Bobby Ryan and loses puck.
10:44 of 1st period - Slapshot by Mike Lundin.
10:44 of 1st period - Stopped by Philipp Grubauer without a rebound.
10:45 of 1st period - Mark Scheifele wins face-off versus Artemi Panarin in Lightning zone.
10:45 of 1st period - Mark Scheifele is hit by Devin Setoguchi.
11:00 of 1st period - Slapshot by Kyle Clifford.
11:00 of 1st period - Shot Misses the Net.
11:46 of 1st period - Wrist shot by Sergei Shirokov.
11:46 of 1st period - Stopped by Andrei Vasilevskiy with a rebound.
12:18 of 1st period - Brent Seabrook is hit by Cody Hodgson and loses puck.
12:37 of 1st period - Wrist shot by Max Pacioretty.
12:37 of 1st period - Shot Misses the Net.
12:39 of 1st period - Slapshot by Timothy Kunes.
12:39 of 1st period - Deflect By Kyle Clifford.
12:39 of 1st period - Stopped by Philipp Grubauer with a rebound.
12:41 of 1st period - Slapshot by Eric Wellwood.
12:41 of 1st period - Stopped by Philipp Grubauer with a rebound.
12:43 of 1st period - Slapshot by Timothy Kunes.
12:43 of 1st period - Shot Blocked by Kyle Clifford.
12:45 of 1st period - Slapshot by Eric Wellwood.
12:45 of 1st period - Stopped by Philipp Grubauer with a rebound.
12:55 of 1st period - Snap shot by Kyle Clifford.
12:55 of 1st period - Stopped by Andrei Vasilevskiy with a rebound.
13:15 of 1st period - Wrist shot by Stephen Weiss.
13:15 of 1st period - Shot Misses the Net.
13:48 of 1st period - Slapshot by Shayne Gostisbehere.
13:48 of 1st period - Shot Blocked by Dalton Prout.
14:24 of 1st period - Wrist shot by Kyle Clifford.
14:24 of 1st period - Stopped by Andrei Vasilevskiy without a rebound.
14:25 of 1st period - Pavel Datsyuk wins face-off versus Mark Scheifele in Blue Jackets zone.
15:20 of 1st period - Snap shot by Clarke MacArthur.
15:20 of 1st period - Stopped by Andrei Vasilevskiy without a rebound.
15:21 of 1st period - Cody Hodgson wins face-off versus Mark Scheifele in Blue Jackets zone.
15:23 of 1st period - Icing by Mike Lundin.
15:24 of 1st period - Cody Hodgson wins face-off versus Mark Scheifele in Blue Jackets zone.
15:31 of 1st period - Slapshot by Martin Havlat.
15:31 of 1st period - Shot Blocked by Brent Seabrook.
16:35 of 1st period - Eric Wellwood is hit by Alex Killorn and loses puck.
16:52 of 1st period - Snap shot by Mark Scheifele.
16:52 of 1st period - Stopped by Andrei Vasilevskiy with a rebound.
16:54 of 1st period - Snap shot by Mark Scheifele.
16:54 of 1st period - Stopped by Andrei Vasilevskiy without a rebound.
16:55 of 1st period - Tyler Seguin wins face-off versus Mark Scheifele in Blue Jackets zone.
17:08 of 1st period - Wrist shot by Tyler Seguin.
17:08 of 1st period - Stopped by Philipp Grubauer with a rebound.
17:10 of 1st period - Backhand shot by Devin Setoguchi.
17:10 of 1st period - Shot Misses the Net.
17:12 of 1st period - Backhand shot by Ryan Wilson.
17:12 of 1st period - Stopped by Philipp Grubauer without a rebound.
17:13 of 1st period - Alexander Wennberg wins face-off versus Pavel Datsyuk in Lightning zone.
17:47 of 1st period - Snap shot by Jon Merrill.
17:47 of 1st period - Shot Misses the Net.
19:09 of 1st period - Snap shot by Cody Hodgson.
19:09 of 1st period - Stopped by Philipp Grubauer without a rebound.
19:10 of 1st period - Cody Hodgson wins face-off versus Alexander Wennberg in Lightning zone.
19:18 of 1st period - Off-side.
19:19 of 1st period - Alexander Wennberg wins face-off versus Devin Setoguchi in neutral zone.
19:26 of 1st period - Snap shot by Sam Gagner.
19:26 of 1st period - Stopped by Andrei Vasilevskiy without a rebound.
19:27 of 1st period - Mark Scheifele wins face-off versus Tyler Seguin in Blue Jackets zone.
19:30 of 1st period - Snap shot by Kyle Clifford.
19:30 of 1st period - Shot Misses the Net.
19:52 of 1st period - Alexander Wennberg is hit by Cody Hodgson and loses puck.
Goals for this period are 0 for Lightning vs 2 for Blue Jackets.
Shots for this period are 10 for Lightning vs 10 for Blue Jackets.
2nd period
0:01 of 2nd period - Tyler Seguin wins face-off versus Mark Scheifele in neutral zone.
0:08 of 2nd period - Tyler Seguin is hit by Mark Scheifele and loses puck.
0:26 of 2nd period - Minor Penalty to Mike Lundin for Holding.
0:27 of 2nd period - Mark Scheifele wins face-off versus Tyler Seguin in Blue Jackets zone.
0:28 of 2nd period - Snap shot by Kyle Clifford.
0:28 of 2nd period - Shot Misses the Net.
0:58 of 2nd period - Slapshot by Justin Schultz.
0:58 of 2nd period - Stopped by Andrei Vasilevskiy with a rebound.
1:00 of 2nd period - Slapshot by Alexander Wennberg.
1:00 of 2nd period - Stopped by Andrei Vasilevskiy without a rebound.
1:01 of 2nd period - Mark Scheifele wins face-off versus Tyler Seguin in Blue Jackets zone.
1:14 of 2nd period - Wrist shot by Kyle Clifford.
1:14 of 2nd period - Shot Blocked by Timothy Kunes.
1:16 of 2nd period - Wrist shot by Mark Scheifele.
1:16 of 2nd period - Shot Blocked by Timothy Kunes.
1:38 of 2nd period - Icing by Justin Schultz.
1:39 of 2nd period - Tyler Seguin wins face-off versus Alexander Wennberg in Lightning zone.
2:26 of 2nd period - Penalty to Mike Lundin is over, Mike Lundin is back on ice.
2:26 of 2nd period - Eric Wellwood is hit by Kyle Clifford and loses puck.
2:47 of 2nd period - Slapshot by Stephen Weiss.
2:47 of 2nd period - Shot Blocked by Branislav Mezei.
3:01 of 2nd period - Dalton Prout is hit by Shayne Gostisbehere and loses puck.
3:06 of 2nd period - Snap shot by Brian Flynn.
3:06 of 2nd period - Deflect By Jesper Fast.
3:06 of 2nd period - Goal by Jesper Fast - Lightning : 1 - Blue Jackets : 2.
3:07 of 2nd period - Tyler Seguin wins face-off versus Mark Scheifele in neutral zone.
3:10 of 2nd period - Slapshot by Rob Scuderi.
3:10 of 2nd period - Deflect By Tyler Seguin.
3:10 of 2nd period - Goal by Tyler Seguin - Lightning : 1 - Blue Jackets : 3.
3:11 of 2nd period - Tyler Seguin wins face-off versus Mark Scheifele in neutral zone.
3:38 of 2nd period - Mike Lundin is hit by Sam Gagner and loses puck.
3:59 of 2nd period - Wrist shot by Andreas Nodl.
3:59 of 2nd period - Deflect By Christian Hanson.
3:59 of 2nd period - Stopped by Philipp Grubauer with a rebound.
4:01 of 2nd period - Snap shot by Dalton Prout.
4:01 of 2nd period - Deflect By Brent Seabrook.
4:01 of 2nd period - Stopped by Philipp Grubauer without a rebound.
4:02 of 2nd period - Mark Scheifele wins face-off versus Christian Hanson in Lightning zone.
6:25 of 2nd period - Wrist shot by Eric Wellwood.
6:25 of 2nd period - Shot Blocked by Jon Merrill.
6:41 of 2nd period - Mark Scheifele is hit by Cody Hodgson and loses puck.
7:03 of 2nd period - Alex Killorn is hit by Ryan Wilson and loses puck.
7:08 of 2nd period - Slapshot by Artemi Panarin.
7:08 of 2nd period - Deflect By Devin Setoguchi.
7:08 of 2nd period - Shot Misses the Net.
7:08 of 2nd period - Puck is out of play.
7:09 of 2nd period - Tyler Seguin wins face-off versus Alexander Wennberg in Lightning zone.
7:32 of 2nd period - Minor Penalty to Devin Setoguchi for Cross-checking.
7:33 of 2nd period - Tyler Seguin wins face-off versus Mark Scheifele in Blue Jackets zone.
7:46 of 2nd period - Rickard Rakell is hit by Artemi Panarin and loses puck.
9:09 of 2nd period - Alexander Wennberg is hit by Dalton Prout and loses puck.
9:17 of 2nd period - Minor Penalty to Brent Seabrook for Hooking.
9:18 of 2nd period - Tyler Seguin wins face-off versus Mark Scheifele in Lightning zone.
9:32 of 2nd period - Penalty to Devin Setoguchi is over, Devin Setoguchi is back on ice.
11:17 of 2nd period - Penalty to Brent Seabrook is over, Brent Seabrook is back on ice.
11:30 of 2nd period - Off-side.
11:31 of 2nd period - Alexander Wennberg wins face-off versus Christian Hanson in neutral zone.
11:35 of 2nd period - Off-side.
11:36 of 2nd period - Christian Hanson wins face-off versus Alexander Wennberg in neutral zone.
11:44 of 2nd period - Slapshot by Andreas Nodl.
11:44 of 2nd period - Stopped by Philipp Grubauer with a rebound.
11:46 of 2nd period - Slapshot by Andreas Nodl.
11:46 of 2nd period - Stopped by Philipp Grubauer with a rebound.
11:48 of 2nd period - Slapshot by Timothy Kunes.
11:48 of 2nd period - Shot Misses the Net.
11:50 of 2nd period - Slapshot by Ryan Wilson.
11:50 of 2nd period - Stopped by Philipp Grubauer without a rebound.
11:51 of 2nd period - Tyler Seguin wins face-off versus Mark Scheifele in Lightning zone.
13:05 of 2nd period - Wrist shot by Andreas Nodl.
13:05 of 2nd period - Shot Blocked by Jesper Fast.
13:07 of 2nd period - Slapshot by Branislav Mezei.
13:07 of 2nd period - Deflect By Alex Killorn.
13:07 of 2nd period - Stopped by Philipp Grubauer without a rebound.
13:08 of 2nd period - Mark Scheifele wins face-off versus Tyler Seguin in Lightning zone.
13:10 of 2nd period - Minor Penalty to Mark Scheifele for Hooking.
13:11 of 2nd period - Tyler Seguin wins face-off versus Bobby Ryan in Lightning zone.
13:13 of 2nd period - Snap shot by Artemi Panarin.
13:13 of 2nd period - Shot Blocked by Kyle Clifford.
13:43 of 2nd period - Snap shot by Cody Hodgson.
13:43 of 2nd period - Stopped by Philipp Grubauer with a rebound.
14:03 of 2nd period - Slapshot by Justin Schultz.
14:03 of 2nd period - Stopped by Andrei Vasilevskiy without a rebound.
14:04 of 2nd period - Stephen Weiss wins face-off versus Artemi Panarin in Blue Jackets zone.
14:07 of 2nd period - Wrist shot by Clarke MacArthur.
14:07 of 2nd period - Stopped by Andrei Vasilevskiy without a rebound.
14:08 of 2nd period - Tyler Seguin wins face-off versus Stephen Weiss in Blue Jackets zone.
14:15 of 2nd period - Wrist shot by Artemi Panarin.
14:15 of 2nd period - Stopped by Philipp Grubauer with a rebound.
14:17 of 2nd period - Slapshot by Rob Scuderi.
14:17 of 2nd period - Shot Blocked by Stephen Weiss.
14:35 of 2nd period - Snap shot by Bobby Ryan.
14:35 of 2nd period - Stopped by Andrei Vasilevskiy with a rebound.
15:08 of 2nd period - Bobby Ryan is hit by Dalton Prout.
15:10 of 2nd period - Penalty to Mark Scheifele is over, Mark Scheifele is back on ice.
15:18 of 2nd period - Wrist shot by Bobby Ryan.
15:18 of 2nd period - Shot Misses the Net.
15:20 of 2nd period - Slapshot by Brent Seabrook.
15:20 of 2nd period - Shot Misses the Net.
15:22 of 2nd period - Wrist shot by Mark Scheifele.
15:22 of 2nd period - Stopped by Andrei Vasilevskiy without a rebound.
15:23 of 2nd period - Brian Flynn wins face-off versus Max Pacioretty in Blue Jackets zone.
15:26 of 2nd period - Slapshot by Shayne Gostisbehere.
15:26 of 2nd period - Deflect By Alex Killorn.
15:26 of 2nd period - Shot Misses the Net.
15:26 of 2nd period - Puck is out of play.
15:27 of 2nd period - Cody Hodgson wins face-off versus Brian Flynn in Blue Jackets zone.
15:54 of 2nd period - Wrist shot by Kyle Clifford.
15:54 of 2nd period - Shot Misses the Net.
16:04 of 2nd period - Wrist shot by Artemi Panarin.
16:04 of 2nd period - Stopped by Philipp Grubauer without a rebound.
16:05 of 2nd period - Alexander Wennberg wins face-off versus Pavel Datsyuk in Lightning zone.
16:20 of 2nd period - Snap shot by Brent Seabrook.
16:20 of 2nd period - Stopped by Andrei Vasilevskiy without a rebound.
16:21 of 2nd period - Tyler Seguin wins face-off versus Mark Scheifele in Blue Jackets zone.
16:32 of 2nd period - Snap shot by Rickard Rakell.
16:32 of 2nd period - Shot Blocked by Tyler Seguin.
16:48 of 2nd period - Alexander Wennberg is hit by Max Pacioretty and loses puck.
16:59 of 2nd period - Wrist shot by Sam Gagner.
16:59 of 2nd period - Goal by Sam Gagner - Lightning : 2 - Blue Jackets : 3.
17:00 of 2nd period - Mark Scheifele wins face-off versus Tyler Seguin in neutral zone.
17:42 of 2nd period - Icing by Justin Schultz.
17:43 of 2nd period - Stephen Weiss wins face-off versus Cody Hodgson in Lightning zone.
18:10 of 2nd period - Dalton Prout is hit by Mark Scheifele and loses puck.
Goals for this period are 2 for Lightning vs 1 for Blue Jackets.
Shots for this period are 9 for Lightning vs 10 for Blue Jackets.
3rd period
0:01 of 3rd period - Tyler Seguin wins face-off versus Mark Scheifele in neutral zone.
0:30 of 3rd period - Backhand shot by Pavel Datsyuk.
0:30 of 3rd period - Stopped by Philipp Grubauer with a rebound.
0:42 of 3rd period - Snap shot by Rickard Rakell.
0:42 of 3rd period - Stopped by Andrei Vasilevskiy with a rebound.
0:44 of 3rd period - Slapshot by Shayne Gostisbehere.
0:44 of 3rd period - Deflect By Mike Lundin.
0:44 of 3rd period - Stopped by Andrei Vasilevskiy with a rebound.
0:46 of 3rd period - Snap shot by Rickard Rakell.
0:46 of 3rd period - Stopped by Andrei Vasilevskiy without a rebound.
0:47 of 3rd period - Tyler Seguin wins face-off versus Alexander Wennberg in Blue Jackets zone.
1:14 of 3rd period - Sergei Shirokov is hit by Martin Havlat and loses puck.
1:19 of 3rd period - Snap shot by Max Pacioretty.
1:19 of 3rd period - Stopped by Philipp Grubauer without a rebound.
1:20 of 3rd period - Cody Hodgson wins face-off versus Clarke MacArthur in Lightning zone.
1:29 of 3rd period - Slapshot by Max Pacioretty.
1:29 of 3rd period - Shot Misses the Net.
1:51 of 3rd period - Snap shot by Artemi Panarin.
1:51 of 3rd period - Stopped by Philipp Grubauer with a rebound.
1:53 of 3rd period - Slapshot by Dalton Prout.
1:53 of 3rd period - Stopped by Philipp Grubauer without a rebound.
1:54 of 3rd period - Mark Scheifele wins face-off versus Tyler Seguin in Lightning zone.
2:07 of 3rd period - Justin Schultz is hit by Artemi Panarin.
2:24 of 3rd period - Joni Pitkanen is hit by Martin Havlat and loses puck.
2:29 of 3rd period - Wrist shot by Cody Hodgson.
2:29 of 3rd period - Deflect By Martin Havlat.
2:29 of 3rd period - Stopped by Philipp Grubauer with a rebound.
3:01 of 3rd period - Snap shot by Alexander Wennberg.
3:01 of 3rd period - Shot Blocked by Christian Hanson.
3:19 of 3rd period - Snap shot by Sam Gagner.
3:19 of 3rd period - Shot Blocked by Ryan Wilson.
4:05 of 3rd period - Wrist shot by Andreas Nodl.
4:05 of 3rd period - Shot Misses the Net.
4:31 of 3rd period - Slapshot by Andreas Nodl.
4:31 of 3rd period - Deflect By Brandon Bollig.
4:31 of 3rd period - Stopped by Philipp Grubauer with a rebound.
4:38 of 3rd period - Icing by Alexander Wennberg.
4:39 of 3rd period - Alexander Wennberg wins face-off versus Tyler Seguin in Lightning zone.
5:35 of 3rd period - Snap shot by Tyler Kennedy.
5:35 of 3rd period - Stopped by Philipp Grubauer without a rebound.
5:36 of 3rd period - Stephen Weiss wins face-off versus Pavel Datsyuk in Lightning zone.
6:16 of 3rd period - Branislav Mezei is hit by Jon Merrill and loses puck.
6:27 of 3rd period - Snap shot by Cody Hodgson.
6:27 of 3rd period - Stopped by Philipp Grubauer without a rebound.
6:28 of 3rd period - Mark Scheifele wins face-off versus Tyler Seguin in Lightning zone.
6:38 of 3rd period - Brent Seabrook is hit by Mike Lundin and loses puck.
6:43 of 3rd period - Slapshot by Artemi Panarin.
6:43 of 3rd period - Shot Misses the Net.
7:57 of 3rd period - Snap shot by Martin Havlat.
7:57 of 3rd period - Shot Misses the Net.
10:00 of 3rd period - Sam Gagner is hit by Ryan Wilson and loses puck.
10:13 of 3rd period - Kyle Clifford is hit by Mike Lundin and loses puck.
10:42 of 3rd period - Mike Lundin is hit by Bobby Ryan and loses puck.
12:10 of 3rd period - Minor Penalty to Brian Flynn for Roughing.
12:11 of 3rd period - Tyler Seguin wins face-off versus Mark Scheifele in Lightning zone.
12:49 of 3rd period - Max Pacioretty is hit by Ben Lovejoy and loses puck.
13:12 of 3rd period - Martin Havlat is hit by Brent Seabrook and loses puck.
14:10 of 3rd period - Penalty to Brian Flynn is over, Brian Flynn is back on ice.
14:23 of 3rd period - Brian Flynn is hit by Pavel Datsyuk and loses puck.
14:30 of 3rd period - Brian Flynn is hit by Mike Lundin.
15:17 of 3rd period - Max Pacioretty is hit by Kyle Clifford and loses puck.
15:53 of 3rd period - Icing by Pavel Datsyuk.
15:54 of 3rd period - Christian Hanson wins face-off versus Brian Flynn in Blue Jackets zone.
15:54 of 3rd period - Christian Hanson is hit by Jon Merrill.
15:57 of 3rd period - Icing by Branislav Mezei.
15:58 of 3rd period - Christian Hanson wins face-off versus Stephen Weiss in Blue Jackets zone.
16:07 of 3rd period - Wrist shot by Andreas Nodl.
16:07 of 3rd period - Shot Misses the Net.
16:09 of 3rd period - Snap shot by Christian Hanson.
16:09 of 3rd period - Stopped by Philipp Grubauer without a rebound.
16:10 of 3rd period - Pavel Datsyuk wins face-off versus Stephen Weiss in Lightning zone.
16:11 of 3rd period - Slapshot by Eric Wellwood.
16:11 of 3rd period - Shot Misses the Net.
16:20 of 3rd period - Icing by Eric Wellwood.
16:21 of 3rd period - Pavel Datsyuk wins face-off versus Stephen Weiss in Blue Jackets zone.
16:28 of 3rd period - Snap shot by Sergei Shirokov.
16:28 of 3rd period - Stopped by Andrei Vasilevskiy with a rebound.
16:42 of 3rd period - Wrist shot by Pavel Datsyuk.
16:42 of 3rd period - Shot Misses the Net.
16:44 of 3rd period - Slapshot by Rob Scuderi.
16:44 of 3rd period - Stopped by Philipp Grubauer without a rebound.
16:45 of 3rd period - Mark Scheifele wins face-off versus Tyler Seguin in Lightning zone.
16:50 of 3rd period - Slapshot by Jon Merrill.
16:50 of 3rd period - Shot Misses the Net.
16:52 of 3rd period - Slapshot by Jon Merrill.
16:52 of 3rd period - Deflect By Dalton Prout.
16:52 of 3rd period - Stopped by Andrei Vasilevskiy with a rebound.
16:54 of 3rd period - Wrist shot by Rickard Rakell.
16:54 of 3rd period - Stopped by Andrei Vasilevskiy without a rebound.
16:55 of 3rd period - Tyler Seguin wins face-off versus Mark Scheifele in Blue Jackets zone.
17:24 of 3rd period - Backhand shot by Devin Setoguchi.
17:24 of 3rd period - Stopped by Philipp Grubauer without a rebound.
17:25 of 3rd period - Pavel Datsyuk wins face-off versus Stephen Weiss in Lightning zone.
17:30 of 3rd period - Snap shot by Eric Wellwood.
17:30 of 3rd period - Shot Misses the Net.
17:34 of 3rd period - Slapshot by Tyler Kennedy.
17:34 of 3rd period - Stopped by Philipp Grubauer without a rebound.
17:35 of 3rd period - Stephen Weiss wins face-off versus Pavel Datsyuk in Lightning zone.
18:02 of 3rd period - Wrist shot by Pavel Datsyuk.
18:02 of 3rd period - Stopped by Philipp Grubauer without a rebound.
18:03 of 3rd period - Tyler Seguin wins face-off versus Mark Scheifele in Lightning zone.
18:06 of 3rd period - Wrist shot by Artemi Panarin.
18:06 of 3rd period - Shot Misses the Net.
18:14 of 3rd period - Tyler Seguin is hit by Shayne Gostisbehere and loses puck.
18:35 of 3rd period - Slapshot by Shayne Gostisbehere.
18:35 of 3rd period - Goal by Shayne Gostisbehere - Lightning : 3 - Blue Jackets : 3.
18:36 of 3rd period - Pavel Datsyuk wins face-off versus Stephen Weiss in neutral zone.
19:03 of 3rd period - Devin Setoguchi is hit by Rickard Rakell and loses puck.
19:10 of 3rd period - Slapshot by Mark Scheifele.
19:10 of 3rd period - Stopped by Andrei Vasilevskiy with a rebound.
19:48 of 3rd period - Slapshot by Sam Gagner.
19:48 of 3rd period - Stopped by Andrei Vasilevskiy with a rebound.
Goals for this period are 1 for Lightning vs 0 for Blue Jackets.
Shots for this period are 9 for Lightning vs 13 for Blue Jackets.
Overtime #1
0:01 of 1st overtime period - Mark Scheifele wins face-off versus Tyler Seguin in neutral zone.
0:06 of 1st overtime period - Snap shot by Mark Scheifele.
0:06 of 1st overtime period - Stopped by Andrei Vasilevskiy with a rebound.
0:53 of 1st overtime period - Snap shot by Bobby Ryan.
0:53 of 1st overtime period - Stopped by Andrei Vasilevskiy without a rebound.
0:54 of 1st overtime period - Mark Scheifele wins face-off versus Tyler Seguin in Blue Jackets zone.
1:11 of 1st overtime period - Artemi Panarin is hit by Brent Seabrook and loses puck.
1:16 of 1st overtime period - Snap shot by Alexander Wennberg.
1:16 of 1st overtime period - Stopped by Andrei Vasilevskiy without a rebound.
1:17 of 1st overtime period - Tyler Seguin wins face-off versus Mark Scheifele in Blue Jackets zone.
1:38 of 1st overtime period - Jon Merrill is hit by Mike Lundin and loses puck.
2:22 of 1st overtime period - Icing by Justin Schultz.
2:23 of 1st overtime period - Jesper Fast wins face-off versus Tyler Seguin in Lightning zone.
2:48 of 1st overtime period - Snap shot by Max Pacioretty.
2:48 of 1st overtime period - Stopped by Philipp Grubauer with a rebound.
2:50 of 1st overtime period - Snap shot by Cody Hodgson.
2:50 of 1st overtime period - Shot Misses the Net.
2:52 of 1st overtime period - Wrist shot by Max Pacioretty.
2:52 of 1st overtime period - Shot Blocked by Justin Schultz.
3:31 of 1st overtime period - Off-side.
3:32 of 1st overtime period - Jesper Fast wins face-off versus Pavel Datsyuk in neutral zone.
4:23 of 1st overtime period - Wrist shot by Alexander Wennberg.
4:23 of 1st overtime period - Stopped by Andrei Vasilevskiy with a rebound.
4:29 of 1st overtime period - Wrist shot by Max Pacioretty.
4:29 of 1st overtime period - Shot Misses the Net.
4:46 of 1st overtime period - Icing by Pavel Datsyuk.
4:47 of 1st overtime period - Pavel Datsyuk wins face-off versus Mark Scheifele in Blue Jackets zone.
Goals for this period are 0 for Lightning vs 0 for Blue Jackets.
Shots for this period are 4 for Lightning vs 1 for Blue Jackets.
ShootOut
5:00 of 1st overtime period - Round #1.
5:00 of 1st overtime period - Lightning , Mark Scheifele.
5:00 of 1st overtime period - Snap shot by Mark Scheifele.
5:00 of 1st overtime period - Stopped by Andrei Vasilevskiy.
5:00 of 1st overtime period - Blue Jackets, Tyler Seguin.
5:00 of 1st overtime period - Wrist shot by Tyler Seguin.
5:00 of 1st overtime period - Stopped by Philipp Grubauer.
5:00 of 1st overtime period - Round #2.
5:00 of 1st overtime period - Lightning , Bobby Ryan.
5:00 of 1st overtime period - Deke by Bobby Ryan.
5:00 of 1st overtime period - Goal by Bobby Ryan.
5:00 of 1st overtime period - Blue Jackets, Artemi Panarin.
5:00 of 1st overtime period - Snap shot by Artemi Panarin.
5:00 of 1st overtime period - Shot Misses the Net.
5:00 of 1st overtime period - Round #3.
5:00 of 1st overtime period - Lightning , Kyle Clifford.
5:00 of 1st overtime period - Wrist shot by Kyle Clifford.
5:00 of 1st overtime period - Stopped by Andrei Vasilevskiy.
5:00 of 1st overtime period - Blue Jackets, Max Pacioretty.
5:00 of 1st overtime period - Snap shot by Max Pacioretty.
5:00 of 1st overtime period - Shot Misses the Net.